[Event "LEM Niedersachsen-A-Open 2025"]
[Site "Verden"]
[Date "2025.01.04"]
[Round "6.19"]
[White "Stein, Luis"]
[Black "Martin, Dennis"]
[Result "1/2-1/2"]
[ECO "B30"]
[WhiteElo "1899"]
[BlackElo "2005"]
[Annotator "RC"]
[PlyCount "95"]
[EventDate "2024.12.27"]
[EventType "swiss"]
[EventCountry "GER"]
[SourceTitle "playchess.com"]
[Source "ChessBase"]
[SourceQuality "1"]
[TimeControl "40/5400+30:1800+30"]

1. e4 c5 2. Nf3 Nc6 3. Bb5 Nf6 4. Bxc6 dxc6 5. d3 Bg4 6. h3 Bxf3 7. Qxf3 e5 8. O-O Qc7 9. Be3 Be7 10. Nd2 b6 11. a4 O-O 12. Rfe1 Rfe8 13. Nc4 Bf8 14. a5 b5 15. Nd2 a6 16. Nb3 Nd7 17. Qg3 Re6 18. Nd2 Bd6 19. Rf1 Rf6 20. Nf3 Nf8 21. Bg5 Re6 22. Nh4 Ng6 23. Nf5 Bf8 24. d4 f6 25. Be3 cxd4 26. Nxd4 Ree8 27. Nf5 c5 28. Qg4 Rad8 29. h4 Kh8 30. b4 Nf4 31. bxc5 Ne6 32. Rfd1 Bxc5 33. Bxc5 Qxc5 34. Rxd8 Rxd8 35. Nh6 Qe7 36. Nf5 Qc7 37. Rd1 g6 38. Nh6 Rxd1+ 39. Qxd1 Nd4 40. Ng4 Kg7 41. Qd2 Qf7 42. h5 g5 43. h6+ Kg6 44. c3 Qe6 45. f3 Nc6 46. Qe3 Qd7 47. Qb6 Qa7 48. Kf2 1/2-1/2

[Event "LEM Niedersachsen-A-Open 2025"]
[Site "Verden"]
[Date "2025.01.04"]
[Round "6.20"]
[White "Amrhein, Thorsten"]
[Black "Schramm, Kilian"]
[Result "1-0"]
[ECO "B11"]
[WhiteElo "1979"]
[BlackElo "1834"]
[Annotator "NA RC"]
[PlyCount "67"]
[EventDate "2024.12.27"]
[EventType "swiss"]
[EventCountry "GER"]
[SourceTitle "playchess.com"]
[Source "ChessBase"]
[SourceQuality "1"]
[TimeControl "40/5400+30:1800+30"]

1. e4 c6 2. Nc3 d5 3. Nf3 dxe4 4. Nxe4 Nf6 5. Qe2 Nxe4 6. Qxe4 Be6 7. c4 Nd7 8. Ng5 Nc5 9. Qe3 Qa5 10. a3 Nb3 11. Qxb3 Qxg5 12. Qxb7 Qe5+ 13. Be2 Rc8 14. d3 Bd7 15. Qxa7 c5 16. Qb7 g6 17. Qe4 Qf6 18. O-O Bg7 19. Rb1 Bc6 20. Qf4 Qe6 21. Bg4 f5 22. Bf3 O-O 23. Bxc6 Qxc6 24. b4 e5 25. Qd2 f4 26. f3 Rf5 27. Qe2 Rh5 28. Bd2 e4 29. Qxe4 Bd4+ 30. Kh1 Qf6 31. Bxf4 g5 32. Bg3 Rc6 33. Qe8+ Kg7 34. Qxh5 1-0

[Event "LEM Niedersachsen-A-Open 2025"]
[Site "Verden"]
[Date "2025.01.04"]
[Round "6.21"]
[White "Gehrke, Mathias"]
[Black "Rieping, Lea"]
[Result "1/2-1/2"]
[ECO "B01"]
[WhiteElo "1873"]
[BlackElo "1973"]
[Annotator "NA RC"]
[PlyCount "41"]
[EventDate "2024.12.27"]
[EventType "swiss"]
[EventCountry "GER"]
[SourceTitle "playchess.com"]
[Source "ChessBase"]
[SourceQuality "1"]
[TimeControl "40/5400+30:1800+30"]

1. e4 d5 2. exd5 Qxd5 3. Nc3 Qa5 4. d4 Nf6 5. Bd2 c6 6. Bc4 Qc7 7. Qe2 e6 8. f4 Bd6 9. f5 Qe7 10. fxe6 Bxe6 11. Bxe6 Qxe6 12. Qxe6+ fxe6 13. Nf3 Nbd7 14. O-O O-O 15. Rae1 Rae8 16. Ne4 Nxe4 17. Rxe4 e5 18. dxe5 Nxe5 19. Nxe5 Rxf1+ 20. Kxf1 Rxe5 21. Rh4 1/2-1/2

[Event "LEM Niedersachsen-A-Open 2025"]
[Site "Verden"]
[Date "2025.01.04"]
[Round "6.22"]
[White "Sayas Payyappat"]
[Black "Ehlert, Horst"]
[Result "0-1"]
[ECO "B23"]
[WhiteElo "1823"]
[BlackElo "1929"]
[Annotator "NA RC"]
[PlyCount "74"]
[EventDate "2024.12.27"]
[EventType "swiss"]
[EventCountry "GER"]
[SourceTitle "playchess.com"]
[Source "ChessBase"]
[SourceQuality "1"]
[TimeControl "40/5400+30:1800+30"]

1. e4 c5 2. Nc3 Nc6 3. f4 e6 4. Nf3 d5 5. Bb5 Nf6 6. e5 Nd7 7. Bxc6 bxc6 8. d3 Be7 9. O-O O-O 10. Qe1 Ba6 11. g4 c4 12. d4 c5 13. Be3 Rb8 14. Rb1 cxd4 15. Nxd4 Qc8 16. Qg3 Nc5 17. f5 Ne4 18. Nxe4 dxe4 19. f6 gxf6 20. exf6 Bc5 21. Qh4 Kh8 22. c3 Rg8 23. Kh1 Bxd4 24. Bxd4 e3 25. Bxe3 Qc6+ 26. Kg1 Qe4 27. Bf4 Bb7 28. Qg3 Rbd8 29. Rbe1 Qc6 30. Re2 Rd3 31. Qh4 Qh1+ 32. Kf2 Rf3+ 33. Ke1 Qxf1+ 34. Kd2 Rd8+ 35. Kc2 Qxe2+ 36. Bd2 Qxd2+ 37. Kb1 Qd1# 0-1

[Event "LEM Niedersachsen-A-Open 2025"]
[Site "Verden"]
[Date "2025.01.04"]
[Round "6.23"]
[White "Nolting, Dennis"]
[Black "Aden, Keno"]
[Result "1/2-1/2"]
[ECO "B11"]
[WhiteElo "1937"]
[BlackElo "1889"]
[Annotator "NA RC"]
[PlyCount "35"]
[EventDate "2024.12.27"]
[EventType "swiss"]
[EventCountry "GER"]
[SourceTitle "playchess.com"]
[Source "ChessBase"]
[SourceQuality "1"]
[TimeControl "40/5400+30:1800+30"]

1. e4 c6 2. Nc3 d5 3. Qf3 dxe4 4. Nxe4 Nd7 5. Qe3 Ndf6 6. Nxf6+ Nxf6 7. Bc4 Bf5 8. d3 e6 9. Nf3 Bd6 10. Bd2 Qc7 11. Nd4 Bg6 12. O-O-O O-O-O 13. Bxe6+ Kb8 14. Bb3 Bc5 15. c3 Rhe8 16. Qf4 Bxd4 17. cxd4 Nd5 18. Bxd5 1/2-1/2

[Event "LEM Niedersachsen-A-Open 2025"]
[Site "Verden"]
[Date "2025.01.04"]
[Round "6.24"]
[White "Seer, Maurice"]
[Black "Ludwig, Bernard"]
[Result "1/2-1/2"]
[ECO "B42"]
[WhiteElo "1911"]
[BlackElo "1962"]
[Annotator "NA RC"]
[PlyCount "61"]
[EventDate "2024.12.27"]
[EventType "swiss"]
[EventCountry "GER"]
[SourceTitle "playchess.com"]
[Source "ChessBase"]
[SourceQuality "1"]
[TimeControl "40/5400+30:1800+30"]

1. e4 c5 2. Nf3 e6 3. d4 cxd4 4. Nxd4 a6 5. Bd3 Nc6 6. Nxc6 dxc6 7. Be3 e5 8. O-O Nf6 9. h3 Bd6 10. Nd2 O-O 11. Nc4 Bc7 12. Bg5 Be6 13. Qf3 Bxc4 14. Bxc4 Qe7 15. Rad1 Rad8 16. Qf5 Rxd1 17. Rxd1 Rd8 18. Bd3 Qd7 19. Qf3 Qe6 20. Bxf6 Qxf6 21. Qxf6 gxf6 22. g4 Kg7 23. a4 c5 24. b3 Rd7 25. Kg2 Rd8 26. h4 h6 27. Kf3 Rd7 28. Rg1 Bd8 29. Kg3 Ba5 30. f4 Bd2 31. fxe5 1/2-1/2

[Event "LEM Niedersachsen-A-Open 2025"]
[Site "Verden"]
[Date "2025.01.04"]
[Round "6.25"]
[White "Kozik, Andreas"]
[Black "Langer, Michael S."]
[Result "1/2-1/2"]
[ECO "D00"]
[WhiteElo "1868"]
[BlackElo "1933"]
[Annotator "NA RC"]
[PlyCount "51"]
[EventDate "2024.12.27"]
[EventType "swiss"]
[EventCountry "GER"]
[SourceTitle "playchess.com"]
[Source "ChessBase"]
[SourceQuality "1"]
[TimeControl "40/5400+30:1800+30"]

1. d4 d5 2. Bf4 Nf6 3. e3 e6 4. Nd2 c6 5. c3 Bd6 6. Bg3 O-O 7. Bd3 b6 8. Ngf3 Ba6 9. Bxa6 Nxa6 10. Qe2 Bxg3 11. hxg3 Nb8 12. e4 dxe4 13. Nxe4 Nbd7 14. O-O-O Qc7 15. Rh4 Nxe4 16. Qxe4 Nf6 17. Qc2 Rfd8 18. Rdh1 h6 19. Qd2 Kf8 20. Qe2 c5 21. Kb1 Rac8 22. Rd1 cxd4 23. Rhxd4 Rd5 24. Rxd5 Nxd5 25. Qe5 Qxe5 26. Nxe5 1/2-1/2

[Event "LEM Niedersachsen-A-Open 2025"]
[Site "Verden"]
[Date "2025.01.04"]
[Round "6.26"]
[White "Boehnke, Marc"]
[Black "Burnus, Finn Crispin"]
[Result "1-0"]
[ECO "D36"]
[WhiteElo "1927"]
[BlackElo "1883"]
[Annotator "RC"]
[PlyCount "101"]
[EventDate "2024.12.27"]
[EventType "swiss"]
[EventCountry "GER"]
[SourceTitle "playchess.com"]
[Source "ChessBase"]
[SourceQuality "1"]
[TimeControl "40/5400+30:1800+30"]

1. d4 Nf6 2. c4 e6 3. Nf3 d5 4. Nc3 Be7 5. Bg5 h6 6. Bh4 O-O 7. e3 Nbd7 8. cxd5 exd5 9. Bd3 c6 10. O-O Re8 11. Qc2 Ne4 12. Bxe7 Qxe7 13. Rae1 Ndf6 14. Ne5 Nxc3 15. bxc3 Be6 16. f4 c5 17. Qb2 Rab8 18. Rb1 Bd7 19. Qa3 c4 20. Qxe7 Rxe7 21. Be2 Bf5 22. Rb5 Rd8 23. Bf3 h5 24. Re1 Be4 25. Kf2 Rd6 26. a4 g6 27. a5 Kg7 28. Re2 b6 29. Reb2 Rb7 30. Ke1 Bf5 31. Nxc4 Rc6 32. Ne5 Rxc3 33. Kd2 Rbc7 34. axb6 axb6 35. Rxb6 Ne4+ 36. Ke2 Rc1 37. Rb7 Nc3+ 38. Kf2 Ne4+ 39. Bxe4 Bxe4 40. Rxc7 Rxc7 41. Nf3 f6 42. Nd2 Bf5 43. h3 Kf7 44. Ke2 Ke6 45. Kf3 h4 46. Kf2 Bd3 47. Nf3 Rh7 48. Rb6+ Kf5 49. Nxh4+ Rxh4 50. g4+ Ke4 51. Re6# 1-0

[Event "LEM Niedersachsen-A-Open 2025"]
[Site "Verden"]
[Date "2025.01.04"]
[Round "6.27"]
[White "Kiesel, Lara"]
[Black "Eschholz, Enno"]
[Result "0-1"]
[ECO "A85"]
[WhiteElo "1825"]
[BlackElo "2121"]
[Annotator "TA"]
[PlyCount "98"]
[EventDate "2024.12.27"]
[EventType "swiss"]
[EventCountry "GER"]
[SourceTitle "playchess.com"]
[Source "ChessBase"]
[SourceQuality "1"]
[TimeControl "40/5400+30:1800+30"]

1. Nf3 f5 2. c4 Nf6 3. e3 g6 4. d4 Bg7 5. Nc3 O-O 6. Be2 d6 7. b4 c5 8. b5 (8. dxc5 Ne4 9. Nxe4 Bxa1 $15) (8. bxc5 $14 dxc5 9. O-O) 8... e5 $11 9. dxe5 dxe5 10. Qc2 (10. Nxe5 $2 Ne4 11. Nxe4 Qxd1+ 12. Kxd1 fxe4 $19 (12... Bxe5 13. Nxc5 Bxa1 14. Kc2 $19)) (10. e4 $11) 10... e4 $15 11. Nd2 Be6 12. O-O Nbd7 13. Rd1 Qc7 14. f4 {[%emt 0:04:38] Prevents Ne5} (14. Bb2 $15) 14... exf3 $1 $17 15. Nxf3 Rad8 16. Ng5 Rfe8 17. Bb2 h6 18. Nxe6 Rxe6 19. Nd5 Nxd5 20. Rxd5 (20. cxd5 $15 Rxe3 21. d6) 20... Nf6 (20... Rxe3 21. Rad1 $14) 21. Rxd8+ Qxd8 22. Rd1 Qe7 23. Qd2 Ne8 ({Black should try} 23... Rxe3 $17 24. Bf3 Kh7) 24. Bxg7 $11 {[%emt 0:05:09] A strong pair of Bishops.} Rd6 $2 (24... Kxg7 $11 {and Black has nothing to worry.} 25. Qd8 Qxd8 (25... Rxe3 $2 26. Rd7 $18) 26. Rxd8 Rxe3 27. Rd7+ Kf6) 25. Qc3 $2 (25. Bd4 $1 $18 ) 25... Qxg7 26. Qxg7+ Kxg7 {[%emt 0:00:07][%mdl 4096] Endgame KRB-KRN} 27. Kf2 Kf6 28. g4 (28. Rxd6+ $15 Nxd6 29. Bd3) 28... fxg4 $17 29. Bxg4 Ke5 30. Rxd6 $2 (30. Rg1 $17) 30... Nxd6 {[%emt 0:00:07] KB-KN} (30... Kxd6 31. Be2 $17) 31. Bf3 b6 (31... Nxc4 32. Bxb7 Na3 33. Bc6 $17) 32. Bd5 Ne4+ (32... Nxb5 $142 33. a4 Nd6) 33. Kf3 $19 Nc3 34. Bc6 {[%emt 0:01:32] [#]} Nxa2 (34... g5 $142 $1 35. a3 Nb1) 35. Be8 $2 (35. Ke2 $17) 35... g5 36. Bc6 {[%emt 0:00:25] [#]} Nb4 $2 (36... Nc3 $1 $19 {White must now prevent ...Kf6.} 37. Kg4 Nb1) 37. Bb7 (37. Be8 $17 {was called for.}) 37... h5 38. h3 Nc2 $2 (38... Nd3 $19 {has better winning chances.} 39. Ke2 Nc1+ (39... Nb2 40. Bd5 $17) 40. Kd2 Nb3+ 41. Kc3 Na5) 39. Bd5 $2 (39. Ke2 $17 {was the crucial defense.}) 39... Nb4 $2 (39... g4+ 40. hxg4 hxg4+ 41. Ke2 Na3) 40. Bb7 $1 Nc2 $2 (40... g4+ $19 41. hxg4 hxg4+ 42. Kxg4 Nc2) 41. Bc6 $2 (41. Bd5 $11) 41... Na3 42. Be8 g4+ 43. hxg4 hxg4+ ({Stronger than} 43... Nxc4 44. gxh5 Nd6 45. Bc6 $11) 44. Kxg4 Ke4 45. Kg5 Kxe3 46. Kf5 Kd4 47. Bf7 Nxc4 48. Ke6 Na3 49. Be8 Kc4 0-1

[Event "LEM Niedersachsen-A-Open 2025"]
[Site "Verden"]
[Date "2025.01.04"]
[Round "6.28"]
[White "Loecken, Siegfried"]
[Black "Direk, Oguzhan"]
[Result "1/2-1/2"]
[ECO "A07"]
[WhiteElo "2004"]
[BlackElo "1838"]
[Annotator "RC"]
[PlyCount "71"]
[EventDate "2024.12.27"]
[EventType "swiss"]
[EventCountry "GER"]
[SourceTitle "playchess.com"]
[Source "ChessBase"]
[SourceQuality "1"]
[TimeControl "40/5400+30:1800+30"]

1. Nf3 d5 2. g3 c6 3. Bg2 Nf6 4. O-O Bf5 5. d3 Nbd7 6. Nh4 Bg4 7. h3 Bh5 8. g4 Bg6 9. Nxg6 hxg6 10. Bf4 e5 11. Bg3 Bd6 12. c4 Qe7 13. cxd5 Nxd5 14. Nc3 Nf4 15. Bxf4 exf4 16. Ne4 f5 17. Nxd6+ Qxd6 18. gxf5 gxf5 19. Rc1 g5 20. e3 g4 21. exf4 O-O-O 22. Qa4 gxh3 23. Bxc6 Nc5 24. Bf3 Kb8 25. Qb4 Qxd3 26. Qc3 Ne6 27. Rfe1 Rhg8+ 28. Kh1 Qxc3 29. Rxc3 Nxf4 30. Rc4 Ng6 31. Re6 Rde8 32. Rxe8+ Rxe8 33. Bh5 Re1+ 34. Kh2 Ne5 35. Rf4 Ng4+ 36. Bxg4 1/2-1/2

[Event "LEM Niedersachsen-A-Open 2025"]
[Site "Verden"]
[Date "2025.01.04"]
[Round "6.29"]
[White "Goertzen, Simon"]
[Black "Rausch, Darius"]
[Result "0-1"]
[ECO "B03"]
[WhiteElo "1887"]
[BlackElo "1840"]
[Annotator "NA RC"]
[PlyCount "64"]
[EventDate "2024.12.27"]
[EventType "swiss"]
[EventCountry "GER"]
[SourceTitle "playchess.com"]
[Source "ChessBase"]
[SourceQuality "1"]
[TimeControl "40/5400+30:1800+30"]

1. e4 Nf6 2. e5 Nd5 3. c4 Nb6 4. d4 d6 5. f4 dxe5 6. fxe5 Nc6 7. Be3 Bf5 8. Nf3 e6 9. Bd3 Bg4 10. Be4 Bxf3 11. Qxf3 Nxd4 12. Bxd4 Qxd4 13. Rf1 Bb4+ 14. Nc3 O-O 15. a3 Nxc4 16. Qf4 Bxc3+ 17. bxc3 Qxc3+ 18. Kf2 Qd4+ 19. Kg3 Qxe5 20. Rfc1 c6 21. a4 Qxf4+ 22. Kxf4 Na5 23. Rab1 Rfd8 24. Rc5 b6 25. Rh5 g6 26. Rg5 Rd4 27. Kf3 Rad8 28. h4 Nc4 29. Re1 Nd2+ 30. Kf4 f5 31. h5 Rxe4+ 32. Rxe4 Nxe4 0-1

[Event "LEM Niedersachsen-A-Open 2025"]
[Site "Verden"]
[Date "2025.01.04"]
[Round "6.30"]
[White "Harms, Friedjof"]
[Black "Beckmann, Jonathan"]
[Result "1/2-1/2"]
[ECO "B23"]
[WhiteElo "1884"]
[BlackElo "1812"]
[Annotator "NA RC"]
[PlyCount "50"]
[EventDate "2024.12.27"]
[EventType "swiss"]
[EventCountry "GER"]
[SourceTitle "playchess.com"]
[Source "ChessBase"]
[SourceQuality "1"]
[TimeControl "40/5400+30:1800+30"]

1. e4 c5 2. Nc3 a6 3. f4 b5 4. Nf3 Bb7 5. d4 cxd4 6. Qxd4 Nc6 7. Qf2 e6 8. a3 Qa5 9. Nd4 Nxd4 10. Qxd4 b4 11. Ne2 bxa3+ 12. Bd2 Qc5 13. Qxc5 Bxc5 14. b4 Ba7 15. Ng3 Nf6 16. Bd3 h5 17. e5 Nd5 18. Ne4 Ke7 19. Nd6 Rhb8 20. c4 Ne3 21. Nxb7 Rxb7 22. Ke2 Nf5 23. Be4 Nd4+ 24. Kd3 Nc6 25. Bxc6 dxc6 1/2-1/2

[Event "LEM Niedersachsen-A-Open 2025"]
[Site "Verden"]
[Date "2025.01.04"]
[Round "6.31"]
[White "Moerke, Niklas"]
[Black "Wilmink, Luca"]
[Result "1-0"]
[ECO "B34"]
[WhiteElo "1875"]
[BlackElo "1792"]
[Annotator "NA RC"]
[PlyCount "137"]
[EventDate "2024.12.27"]
[EventType "swiss"]
[EventCountry "GER"]
[SourceTitle "playchess.com"]
[Source "ChessBase"]
[SourceQuality "1"]
[TimeControl "40/5400+30:1800+30"]

1. e4 c5 2. Nf3 Nc6 3. d4 cxd4 4. Nxd4 Nf6 5. Nc3 g6 6. Nxc6 dxc6 7. Qxd8+ Kxd8 8. Bc4 e6 9. e5 Nd5 10. Ne4 Be7 11. Bh6 b5 12. Be2 Bb7 13. O-O-O Kc7 14. Ng5 Bxg5+ 15. Bxg5 h6 16. Bd2 a5 17. c4 bxc4 18. Bxc4 g5 19. h4 g4 20. h5 Kb6 21. Rh4 Rag8 22. Be2 g3 23. fxg3 Rxg3 24. Bf3 Rgg8 25. Ra4 Ra8 26. Rh1 c5 27. a3 Bc6 28. Rg4 Ne7 29. Be2 Nf5 30. Bd3 Nd4 31. Be3 Rad8 32. Rf1 Rd7 33. Bxd4 cxd4 34. Rg7 Rd5 35. Re1 Rd7 36. Kd2 Bb5 37. Bxb5 Kxb5 38. Kd3 Ka4 39. Rg4 Kb3 40. Re2 Rhd8 41. Rg3 Ka4 42. Rd2 Rb8 43. Ke4 Rb3 44. Rxb3 Kxb3 45. Rxd4 Rc7 46. Rd2 Rc4+ 47. Kf3 Rh4 48. g4 Rh3+ 49. Kf4 Rh1 50. Rf2 Rg1 51. Kf3 a4 52. Re2 Kc4 53. Re4+ Kd5 54. Rxa4 Kxe5 55. b4 Rf1+ 56. Kg2 Rf4 57. Kg3 Rc4 58. Ra5+ Kd6 59. b5 f6 60. a4 Rb4 61. Ra6+ Kd7 62. b6 Rb3+ 63. Kf4 Rb4+ 64. Kf3 Rb3+ 65. Kf2 Rb4 66. a5 Rxg4 67. Ra7+ Kc8 68. a6 Ra4 69. Ra8+ 1-0

[Event "LEM Niedersachsen-A-Open 2025"]
[Site "Verden"]
[Date "2025.01.04"]
[Round "6.32"]
[White "Schulze, Tim"]
[Black "Lehmkuhl, Stefan"]
[Result "1/2-1/2"]
[ECO "A46"]
[WhiteElo "1804"]
[BlackElo "1874"]
[Annotator "NA RC"]
[PlyCount "34"]
[EventDate "2024.12.27"]
[EventType "swiss"]
[EventCountry "GER"]
[SourceTitle "playchess.com"]
[Source "ChessBase"]
[SourceQuality "1"]
[TimeControl "40/5400+30:1800+30"]

1. Nf3 Nf6 2. g3 d6 3. d4 c6 4. Bg2 Nbd7 5. O-O e5 6. c4 Qc7 7. Nc3 Be7 8. d5 O-O 9. e4 a5 10. Ne1 Nc5 11. Nd3 Nxd3 12. Qxd3 h6 13. h3 Nh5 14. Kh2 g5 15. Qe2 Ng7 16. f4 f6 17. Be3 Bd7 1/2-1/2

[Event "LEM Niedersachsen-A-Open 2025"]
[Site "Verden"]
[Date "2025.01.04"]
[Round "6.33"]
[White "Buecklers, Martin"]
[Black "Lieb, Max"]
[Result "1/2-1/2"]
[ECO "D30"]
[WhiteElo "1859"]
[BlackElo "1791"]
[Annotator "NA RC"]
[PlyCount "82"]
[EventDate "2024.12.27"]
[EventType "swiss"]
[EventCountry "GER"]
[SourceTitle "playchess.com"]
[Source "ChessBase"]
[SourceQuality "1"]
[TimeControl "40/5400+30:1800+30"]

1. Nf3 Nf6 2. g3 d5 3. Bg2 c5 4. O-O Nc6 5. c4 e6 6. a3 Be7 7. cxd5 exd5 8. d4 O-O 9. dxc5 Bxc5 10. b4 Bb6 11. Bb2 Re8 12. Nc3 Bg4 13. Na4 Bc7 14. h3 Bh5 15. Bxf6 gxf6 16. Qd2 Qe7 17. g4 Bg6 18. Nc3 Rad8 19. Nb5 Be5 20. Ra2 d4 21. e3 dxe3 22. Qxe3 Bd3 23. a4 Bxf1 24. Bxf1 a6 25. Nc3 Qxb4 26. Ne4 Qxe4 27. Qxe4 Bh2+ 28. Kxh2 Rxe4 29. Nh4 Rdd4 30. Bg2 Rxa4 31. Rb2 Reb4 32. Re2 Ne5 33. Nf5 Rb3 34. Bd5 Rbb4 35. Rc2 Rc4 36. Bxc4 Rxc4 37. Ra2 Kf8 38. Ra5 Rc6 39. Rd5 Rc8 40. Rd6 Ke8 41. Rb6 Ra8 1/2-1/2

[Event "LEM Niedersachsen-A-Open 2025"]
[Site "Verden"]
[Date "2025.01.04"]
[Round "6.34"]
[White "Bisa, Gani"]
[Black "Klages, Jonas"]
[Result "1-0"]
[ECO "E76"]
[WhiteElo "1885"]
[BlackElo "1776"]
[Annotator "NA RC"]
[PlyCount "77"]
[EventDate "2024.12.27"]
[EventType "swiss"]
[EventCountry "GER"]
[SourceTitle "playchess.com"]
[Source "ChessBase"]
[SourceQuality "1"]
[TimeControl "40/5400+30:1800+30"]

1. d4 Nf6 2. c4 g6 3. Nc3 Bg7 4. e4 d6 5. f4 Nc6 6. Nf3 O-O 7. Be2 Re8 8. O-O e5 9. fxe5 dxe5 10. d5 Nd4 11. Be3 Nxe2+ 12. Qxe2 Nh5 13. Qd2 f5 14. Bg5 Nf6 15. exf5 Bxf5 16. Rae1 Qd6 17. Kh1 a6 18. a3 Rad8 19. Nh4 Bc8 20. c5 Qe7 21. Nf3 Rf8 22. b4 e4 23. Qc1 Bf5 24. Nh4 Qd7 25. Rd1 Rde8 26. d6 Ng4 27. Be7 Rf7 28. Nd5 cxd6 29. cxd6 Be6 30. Nf4 e3 31. Rde1 Nf2+ 32. Kg1 Rxf4 33. Nf3 Nd3 34. Qxe3 Nxe1 35. Rxe1 Rxe7 36. dxe7 Rf6 37. Ng5 Qxe7 38. Nxe6 Bh6 39. Qe5 1-0